 Dungeon Crawl Stone Soup version 0.19.5 (webtiles) character file.

89 Agrougrou the Skirmisher (level 4, -1/35 HPs)
             Began as a Demonspawn Fighter on Mar 1, 2017.
             Killed by nerve-wracking pain
             ... invoked by an orc priest
              (8 damage)
             ... on level 3 of the Dungeon.
             The game lasted 00:07:10 (1832 turns).

Agrougrou the Skirmisher (Demonspawn Fighter)       Turns: 1832, Time: 00:07:12

Health: -1/35      AC:  9    Str: 17    XL:     4   Next: 31%
Magic:  4/4        EV:  7    Int:  9    God:
Gold:   38         SH:  9    Dex: 13    Spells: 0 memorised, 3 levels left

rFire  . . .     SeeInvis .     a - +0 flail
rCold  . . .     Gourm    .     b - +0 scale mail
rNeg   . . .     Faith    .     c - +0 shield
rPois  .         Spirit   .     (helmet restricted)
rElec  .         Reflect  .     (no cloak)
rCorr  +         Harm     .     (no gloves)
MR     .....                    (no boots)
Stlth  ..........               (no amulet)
                                (no ring)
                                e - ring of resist corrosion

@: no status effects
A: horns 1, yellow scales 2
a: no special abilities


You were on level 3 of the Dungeon.
You were hungry.

You visited 1 branch of the dungeon, and saw 3 of its levels.

You collected 38 gold pieces.

Inventory:

Hand Weapons
 a - a +0 flail (weapon)
Armour
 b - a +0 scale mail (worn)
 c - a +0 shield (worn)
Jewellery
 e - a ring of resist corrosion (left hand)
Wands
 r - a wand of polymorph (1/24)
Scrolls
 j - a scroll of enchant weapon
 k - 2 scrolls of magic mapping
 l - 2 scrolls of teleportation
Potions
 d - a potion of might
 i - a potion of beneficial mutation {unknown}
 p - a potion of curing
Comestibles
 f - 2 bread rations
 g - a slice of pizza
 h - a beef jerky
 m - 4 chunks of flesh
 q - 2 meat rations


   Skills:
 + Level 3.3 Fighting
 + Level 2.6 Maces & Flails
 + Level 3.1 Armour
 + Level 0.6 Dodging
 - Level 0.2 Stealth
 + Level 3.3 Shields


You had 3 spell levels left.
You didn't know any spells.

Dungeon Overview and Level Annotations

Branches:
Dungeon (3/15)

Altars:
Vehumet


Innate Abilities, Weirdness & Mutations

You have a pair of small horns on your head.
You are mostly covered in yellow scales. (AC +3)


Message History

The orc priest hits you but does no damage.
The orc wizard mumbles some strange words.
The orc wizard seems to speed up.
You hit the orc priest.
The orc priest is severely wounded.
The orc wizard mumbles some strange words.
The orc wizard blinks!
You block the orc's attack.
The orc priest casts a cantrip, but nothing happens.
The orc priest calls down the wrath of Beogh upon you.
Beogh smites you!
* * * LOW HITPOINT WARNING * * *
You block the orc's attack.
You closely miss the orc priest.
The orc priest is severely wounded.
The orc wizard casts a spell.
The orc wizard blinks!
The orc priest looks braver for a moment.
The orc priest invokes the aid of Beogh against you.
Pain shoots through your body!
You die...

*####** ##* *...,,*
#.#####.#**,* #.#.....# *,*
*********######o#.....# *,#####
,,,,,,,,,..§.§oo@.....##*,....#
*********.#######....#..,,..#.#
### *,* ##...#.#**#.#.#
..#######+## #####.#.#.# #.#.#
#..).......# #.......#.# #.#.#
#####......# #.###'###(####.#.#
...##......# #.#.....().......#
.#.##<.....###.#.(...#..###.###
.#.###.........#.....##.#...#


You could see 2 orc priests and an orc.

Vanquished Creatures
  2 adders
  2 worms (D:2)
  A dart slug (D:1)
  4 leopard geckos (D:1)
  2 orcs (D:3)
  5 bats
  7 giant cockroaches
  8 goblins
  3 hobgoblins
  3 jackals (D:1)
  5 kobolds
  A quokka (D:2)
  10 frilled lizards
53 creatures vanquished.

Notes
Turn   | Place    | Note
-------+----------+-------------------------------------------
     0 | D:1      | Agrougrou the Demonspawn Fighter began the quest for the Orb.
     0 | D:1      | Reached XP level 1. HP: 18/18 MP: 1/1
   296 | D:1      | Gained mutation: You are partially covered in yellow scales. (AC +2) [demonic ancestry]
   296 | D:1      | Reached XP level 2. HP: 22/24 MP: 2/2
   634 | D:1      | Gained mutation: You are mostly covered in yellow scales. (AC +3) [demonic ancestry]
   634 | D:1      | Reached XP level 3. HP: 29/29 MP: 3/3
  1417 | D:2      | You fall through a shaft!
  1477 | D:3      | Gained mutation: You have a pair of small horns on your head. [demonic ancestry]
  1477 | D:3      | Reached XP level 4. HP: 23/35 MP: 4/4
  1509 | D:3      | Found a radiant altar of Vehumet.
  1832 | D:3      | Killed from afar by an orc priest

Skill      XL: |  1  2  3 |
---------------+----------+-----
Maces & Flails | 2 |  2.6
Armour         | 3 |  3.1
Shields        | 3 |  3.3
Fighting       | |  3.3
Dodging        | |  0.6
Stealth        | |  0.2

Action                   |  1- 3 |  4- 6 || total
-------------------------+-------+-------++-------
Melee: Flail             |   195 |    43 ||   238
       Headbutt          |       |     6 ||     6
  Use: Scroll            |       |     4 ||     4
       Potion            |       |     2 ||     2
  Eat: Chunk             |     2 |     1 ||     3
Armor: Scale mail        |   102 |    14 ||   116
Dodge: Dodged            |    61 |    10 ||    71
Block: Shield            |    98 |    22 ||   120
